PAA
IRVING BLUE SOX @ MARQUETTE MINERS
05/02/2020
 
TOP OF THE 1ST
Irving Blue Sox batting - Pitching for Marquette Miners : RHP Enrique Franco
Pitching: RHP Enrique Franco
Batting: RHB Scotty Anderson 0-0: Ground out 6-3 (Groundball, 6M)
Batting: RHB Júlio López 0-0: Called Strike
0-1: Swinging Strike
0-2: Strikes out looking
Batting: RHB Dave Ash 0-0: Ball
1-0: Ball
2-0: Ball
3-0: Foul Ball, location: 2F
3-1: DOUBLE (Line Drive, 89M)
Batting: RHB Dennis Newell 0-0: Foul Ball, location: 2F
0-1: Swinging Strike
0-2: Ball
1-2: SINGLE (Flyball, 4D)
Dave Ash to third
Runner from 3rd tries for Home, SAFE, no throw or cutoff
Batting: SHB Ricardo Franco 0-0: Called Strike
0-1: Ball
Wild Pitch!
Dennis Newell to second
1-1: Ball
2-1: Called Strike
2-2: Foul Ball, location: 2F
2-2: Ball
3-2: Base on Balls
Batting: RHB Stan Barnes 0-0: Called Strike
0-1: Ball
1-1: Ball
2-1: Swinging Strike
2-2: Foul Ball, location: 2F
2-2: Foul Ball, location: 2F
2-2: Fly out, F8 (Flyball, 8LS)
Top of the 1st over - 1 run(s), 2 hit(s), 0 error(s), 2 left on base; Irving 1 - Marquette 0
BOTTOM OF THE 1ST
Marquette Miners batting - Pitching for Irving Blue Sox : RHP Robbie Baxter
Pitching: RHP Robbie Baxter
Batting: RHB Jesús López 0-0: Ball
1-0: Called Strike
1-1: Ball
2-1: Foul Ball, location: 2F
2-2: Ball
3-2: Strikes out swinging
Batting: LHB Ramón García 0-0: Foul Ball, location: 2F
0-1: Foul Ball, location: 2F
0-2: Ball
1-2: Ball
2-2: Fly out, F4 (Popup, 4S)
Batting: RHB Kade Knowles 0-0: Foul Ball, location: 2F
0-1: Ball
1-1: Foul Ball, location: 2F
1-2: Strikes out swinging
Bottom of the 1st over - 0 run(s), 0 hit(s), 0 error(s), 0 left on base; Irving 1 - Marquette 0
TOP OF THE 2ND
Irving Blue Sox batting - Pitching for Marquette Miners : RHP Enrique Franco
Batting: RHB Nathan Boswell 0-0: Swinging Strike
0-1: Foul Ball, location: 2F
0-2: Strikes out looking
Batting: RHB Alfredo Chávez 0-0: Ball
1-0: Swinging Strike
1-1: Called Strike
1-2: Ball
2-2: Strikes out swinging
Batting: RHB Stewart Ralston 0-0: Called Strike
0-1: Ground out 6-3 (Groundball, 6)
Top of the 2nd over - 0 run(s), 0 hit(s), 0 error(s), 0 left on base; Irving 1 - Marquette 0
BOTTOM OF THE 2ND
Marquette Miners batting - Pitching for Irving Blue Sox : RHP Robbie Baxter
Batting: LHB Joe McElroy 0-0: SINGLE (Line Drive, 89S)
Batting: LHB Ramón Hernández 0-0: Ball
1-0: Ball
2-0: Called Strike
2-1: Ball
3-1: Base on Balls
Joe McElroy to second
Batting: RHB Isaac Downey 0-0: Ball
1-0: Foul Ball, location: 2F
1-1: Ball
2-1: Fly out, F9 (Flyball, 89M)
Batting: RHB Adrian Hale 0-0: Ball
1-0: Called Strike
1-1: Grounds into double play, 6-4-3 (Groundball, 56)
Bottom of the 2nd over - 0 run(s), 1 hit(s), 0 error(s), 1 left on base; Irving 1 - Marquette 0
TOP OF THE 3RD
Irving Blue Sox batting - Pitching for Marquette Miners : RHP Enrique Franco
Batting: RHB Scotty Anderson 0-0: Ball
1-0: Called Strike
1-1: Ball
2-1: Ball
3-1: Called Strike
3-2: Base on Balls
Batting: RHB Júlio López 0-0: SINGLE (Groundball, 56D)
Scotty Anderson to second
Batting: RHB Dave Ash 0-0: Called Strike
0-1: Grounds into double play, 1-6-3 (Groundball, 25)
Scotty Anderson to third
Batting: RHB Dennis Newell 0-0: Called Strike
0-1: Swinging Strike
0-2: Ball
1-2: Ball
2-2: Fly out, F2 (Popup, 2RF)
Top of the 3rd over - 0 run(s), 1 hit(s), 0 error(s), 1 left on base; Irving 1 - Marquette 0
BOTTOM OF THE 3RD
Marquette Miners batting - Pitching for Irving Blue Sox : RHP Robbie Baxter
Batting: RHB Dave Moulin 0-0: Called Strike
0-1: Ball
1-1: Swinging Strike
1-2: Ball
2-2: DOUBLE (Flyball, 89M) - OUT at third base trying to stretch hit.
Batting: LHB Jorge Flores 0-0: Called Strike
0-1: Ball
1-1: Fly out, F7 (Line Drive, 7M)
Batting: RHB Jesús López 0-0: Called Strike
0-1: Ball
1-1: Foul Ball, location: 2F
1-2: Ball
2-2: Ball
3-2: Foul Ball, location: 2F
3-2: Base on Balls
Batting: LHB Ramón García 0-0: Called Strike
Jesús López steals 2nd base
0-1: Ball
1-1: Ball
2-1: Fly out, F9 (Flyball, 89M)
Bottom of the 3rd over - 0 run(s), 1 hit(s), 0 error(s), 1 left on base; Irving 1 - Marquette 0
TOP OF THE 4TH
Irving Blue Sox batting - Pitching for Marquette Miners : RHP Enrique Franco
Batting: SHB Ricardo Franco 0-0: Swinging Strike
0-1: Ground out U3 (Groundball, 3)
Batting: RHB Stan Barnes 0-0: Foul Ball, location: 2F
0-1: Ball
1-1: Foul Ball, location: 2F
1-2: Ball
2-2: Ball
3-2: Foul Ball, location: 2F
3-2: Foul Ball, location: 2F
3-2: SINGLE (Line Drive, 78M)
Batting: RHB Nathan Boswell 0-0: Ball
1-0: Foul Ball, location: 2F
1-1: Foul Ball, location: 2F
1-2: Grounds into double play, 6-4-3 (Groundball, 6)
Top of the 4th over - 0 run(s), 1 hit(s), 0 error(s), 0 left on base; Irving 1 - Marquette 0
BOTTOM OF THE 4TH
Marquette Miners batting - Pitching for Irving Blue Sox : RHP Robbie Baxter
Batting: RHB Kade Knowles 0-0: Ball
1-0: Ball
2-0: Called Strike
2-1: Swinging Strike
2-2: Ball
3-2: Base on Balls
Batting: LHB Joe McElroy 0-0: Swinging Strike
0-1: Called Strike
0-2: Ball
1-2: Ball
2-2: Foul Ball, location: 2F
2-2: Grounds into double play, 1-4-3 (Groundball, 13S)
Batting: LHB Ramón Hernández 0-0: Ball
1-0: Ground out 2-3 (Groundball, 2L)
Bottom of the 4th over - 0 run(s), 0 hit(s), 0 error(s), 0 left on base; Irving 1 - Marquette 0
TOP OF THE 5TH
Irving Blue Sox batting - Pitching for Marquette Miners : RHP Enrique Franco
Batting: RHB Alfredo Chávez 0-0: Bunt missed!
0-1: Foul Ball, location: 2F
0-2: Strikes out swinging
Batting: RHB Stewart Ralston 0-0: Fly out, F4 (Popup, 4)
Batting: RHB Scotty Anderson 0-0: Foul Ball, location: 2F
0-1: Ball
1-1: Ball
2-1: Swinging Strike
2-2: SINGLE (Line Drive, 8LS)
Batting: RHB Júlio López 0-0: Foul Ball, location: 2F
0-1: Ball
1-1: Fielders Choice at 2nd, U6 (Groundball, 6M)
Top of the 5th over - 0 run(s), 1 hit(s), 0 error(s), 1 left on base; Irving 1 - Marquette 0
BOTTOM OF THE 5TH
Marquette Miners batting - Pitching for Irving Blue Sox : RHP Robbie Baxter
Batting: RHB Isaac Downey 0-0: Ball
1-0: Ball
2-0: Foul Ball, location: 2F
2-1: Foul Ball, location: 2F
2-2: Foul Ball, location: 2F
2-2: Ground out 2-3 (Groundball, 23)
Batting: RHB Adrian Hale 0-0: Called Strike
0-1: Bunt missed!
0-2: Foul Ball, location: 2F
0-2: Ball
1-2: Ball
2-2: Foul Ball, location: 2F
2-2: Ground out 6-3 (Groundball, 6)
Batting: RHB Dave Moulin 0-0: Called Strike
0-1: Swinging Strike
0-2: Strikes out swinging
Bottom of the 5th over - 0 run(s), 0 hit(s), 0 error(s), 0 left on base; Irving 1 - Marquette 0
TOP OF THE 6TH
Irving Blue Sox batting - Pitching for Marquette Miners : RHP Enrique Franco
Batting: RHB Dave Ash 0-0: Called Strike
0-1: Ball
1-1: Ball
2-1: Fly out, F7 (Flyball, 78M)
Batting: RHB Dennis Newell 0-0: Called Strike
0-1: Foul Ball, location: 2F
0-2: Ball
1-2: Foul Ball, location: 2F
1-2: Foul Ball, location: 2F
1-2: Fly out, F9 (Line Drive, 9LS)
Batting: SHB Ricardo Franco 0-0: Ball
1-0: Ball
2-0: Ball
3-0: Called Strike
3-1: Fly out, F7 (Flyball, 78S)
Top of the 6th over - 0 run(s), 0 hit(s), 0 error(s), 0 left on base; Irving 1 - Marquette 0
BOTTOM OF THE 6TH
Marquette Miners batting - Pitching for Irving Blue Sox : RHP Robbie Baxter
Batting: LHB Jorge Flores 0-0: Called Strike
0-1: Foul Ball, location: 2F
0-2: Ball
1-2: Foul Ball, location: 2F
1-2: Ball
2-2: DOUBLE (Flyball, 89M)
Batting: RHB Jesús López 0-0: Ball
1-0: Called Strike
1-1: Ball
2-1: SINGLE (Groundball, 13) (infield hit)
Jorge Flores to third
Batting: LHB Ramón García 0-0: Ball
1-0: Ball
Wild Pitch!
Jorge Flores scores
Jesús López to second
2-0: SINGLE (Flyball, 7S)
Jesús López to third
Runner from 3rd tries for Home, SAFE, no throw or cutoff
Batting: RHB Kade Knowles 0-0: Ground out 5-3 (Groundball, 5S)
Ramón García to second
Batting: LHB Joe McElroy 0-0: Foul Ball, location: 2F
0-1: Ball
1-1: Ball
2-1: SINGLE (Line Drive, 8RS)
Ramón García to third
Runner from 3rd tries for Home, SAFE, no throw or cutoff
Pitching: LHP Chris O'Toole
Batting: LHB Ramón Hernández 0-0: Called Strike
0-1: Fly out, F7 (Flyball, 7S)
Pitching: RHP Domingo Álvarez
Batting: RHB Isaac Downey 0-0: Foul Ball, location: 2F
0-1: Ball
1-1: Swinging Strike
1-2: Foul Ball, location: 2F
1-2: Foul Ball, location: 2F
1-2: Fly out, F9 (Flyball, 89M)
Bottom of the 6th over - 3 run(s), 4 hit(s), 0 error(s), 1 left on base; Irving 1 - Marquette 3
TOP OF THE 7TH
Irving Blue Sox batting - Pitching for Marquette Miners : RHP Enrique Franco
Now at 1B: George Dooley
Now at 3B: Fernand Cicarelli
Batting: RHB Stan Barnes 0-0: Ball
1-0: Ball
2-0: Ground out 4-3 (Groundball, 4)
Pitching: LHP Wilson Castillo
Batting: RHB Nathan Boswell 0-0: Called Strike
0-1: Swinging Strike
0-2: Ball
1-2: Foul Ball, location: 2F
1-2: Ball
2-2: Ball
3-2: Strikes out swinging
Batting: RHB Alfredo Chávez 0-0: Ground out 4-3 (Groundball, 4)
Top of the 7th over - 0 run(s), 0 hit(s), 0 error(s), 0 left on base; Irving 1 - Marquette 3
BOTTOM OF THE 7TH
Marquette Miners batting - Pitching for Irving Blue Sox : RHP Domingo Álvarez
Batting: RHB Adrian Hale 0-0: Ball
1-0: SINGLE (Groundball, 4)
Batting: RHB Dave Moulin 0-0: Ball
1-0: Sac Bunt - play at first, batter OUT! 5-4
Adrian Hale to second
Batting: LHB Jorge Flores 0-0: Ground out 6-3 (Groundball, 6M)
Adrian Hale to third
Batting: RHB Jesús López 0-0: Ball
1-0: Ball
2-0: Ball
3-0: Called Strike
3-1: Foul Ball, location: 2F
3-2: Base on Balls
Batting: LHB Ramón García 0-0: Ball
1-0: Called Strike
1-1: Ball
2-1: Ground out 4-3 (Groundball, 34)
Bottom of the 7th over - 0 run(s), 1 hit(s), 0 error(s), 2 left on base; Irving 1 - Marquette 3
TOP OF THE 8TH
Irving Blue Sox batting - Pitching for Marquette Miners : LHP Wilson Castillo
Batting: RHB Stewart Ralston 0-0: Fly out, F7 (Flyball, 78M)
Batting: RHB Scotty Anderson 0-0: Called Strike
0-1: Foul Ball, location: 2F
0-2: Ball
1-2: Foul Ball, location: 2F
1-2: SINGLE (Line Drive, 78M)
Pitching: RHP Dermott Audley
Batting: RHB Júlio López 0-0: Ball
1-0: Called Strike
1-1: Ball
2-1: Ball
3-1: Grounds into double play, 6-4-3 (Groundball, 6)
Top of the 8th over - 0 run(s), 1 hit(s), 0 error(s), 0 left on base; Irving 1 - Marquette 3
BOTTOM OF THE 8TH
Marquette Miners batting - Pitching for Irving Blue Sox : RHP Domingo Álvarez
Batting: SHB Fernand Cicarelli 0-0: Swinging Strike
0-1: Called Strike
0-2: Foul Ball, location: 2F
0-2: Ball
1-2: Strikes out swinging
Batting: LHB George Dooley 0-0: Ball
1-0: Ball
2-0: Swinging Strike
2-1: Foul Ball, location: 2F
2-2: Strikes out swinging
Batting: LHB Ramón Hernández 0-0: Ball
1-0: Ball
2-0: Ball
3-0: Called Strike
3-1: Called Strike
3-2: Strikes out looking
Bottom of the 8th over - 0 run(s), 0 hit(s), 0 error(s), 0 left on base; Irving 1 - Marquette 3
TOP OF THE 9TH
Irving Blue Sox batting - Pitching for Marquette Miners : RHP Dermott Audley
Pitching: RHP Steven Williams
Batting: RHB Dave Ash 0-0: Called Strike
0-1: Foul Ball, location: 2F
0-2: Foul Ball, location: 2F
0-2: Ball
1-2: Strikes out swinging
Batting: RHB Dennis Newell 0-0: Called Strike
0-1: Ball
1-1: Swinging Strike
1-2: Foul Ball, location: 2F
1-2: Ball
2-2: Ball
3-2: Foul Ball, location: 2F
3-2: Strikes out swinging
Batting: SHB Ricardo Franco 0-0: SINGLE (Line Drive, 89S)
Pinch Hitting: RHB Will Hunter 0-0: Swinging Strike
0-1: Ball
1-1: Foul Ball, location: 2F
1-2: Ball
2-2: Foul Ball, location: 2F
2-2: Strikes out swinging
Top of the 9th over - 0 run(s), 1 hit(s), 0 error(s), 1 left on base; Irving 1 - Marquette 3
This league is powered by Out of the Park Baseball, the baseball management simulation game for PC, Mac and Linux
Friday, October 23rd, 2015 - OOTP Baseball 16.9 Build 39